 Dungeon Crawl Stone Soup version 0.31-a0-188-g5e087ee2ca (webtiles) character file.

Game seed: 17501531798532627423

1710 qw the Skirmisher (level 8, -3/46 HPs)
             Began as a Deep Elf Hunter on June 23, 2023.
             Slain by Dowan
             ... wielding a +0 dagger
              (6 damage)
             ... on level 5 of the Dungeon.
             The game lasted 00:02:27 (3976 turns).

qw the Skirmisher (Deep Elf Hunter)                 Turns: 3976, Time: 00:02:28

Health: -3/46      AC:  0    Str: 10    XL:     8   Next: 74%
Magic:  10/10      EV: 24    Int: 15    God:
Gold:   53         SH:  0    Dex: 23    Spells: 7/7 levels left

rFire   . . .        b - melded +0 orcbow (heavy)
rCold   . . .        (shield currently unavailable)
rNeg    . . .        h - melded +0 ring mail
rPois   .            (helmet currently unavailable)
rElec   .            f - melded +2 cloak
rCorr   .            (gloves currently unavailable)
SInv    .            e - melded +1 pair of boots
Will    .....        j - amulet of faith
Stlth   ++           c - melded +4 ring of protection
HPRegen 0.27/turn    g - melded +6 ring of dexterity
MPRegen 0.12/turn

%: faith
@: about to teleport, bat-form, flying, very quick
A: fast, flying, no casting, tiny
a: no special abilities


You were on level 5 of the Dungeon.
You were a bat.
You visited 1 branch of the dungeon, and saw 5 of its levels.
You also visited: Ossuary.

You collected 254 gold pieces.
You spent 201 gold pieces at shops.


   Skills:
 - Level 3.0 Fighting
 + Level 13.8 Ranged Weapons
 - Level 1.0 Armour
 - Level 5.0 Dodging
 - Level 1.2 Stealth


You had 7 spell levels left.
You didn't know any spells.
Your spell library was empty.

Inventory:

Hand Weapons
 b - a +0 heavy orcbow (melded)
Armour
 e - a +1 pair of boots (melded)
 f - a +2 cloak (melded)
 h - a +0 ring mail (melded)
Jewellery
 c - a +4 ring of protection (melded)
 g - a +6 ring of dexterity (melded)
 j - an amulet of faith (around neck)
 m - a +6 ring of strength
Scrolls
 a - a scroll of identify
Potions
 i - a potion of resistance
 k - 2 potions of might
 n - a potion of enlightenment {unknown}

Dungeon Overview and Level Annotations

Branches:
Dungeon (5/15)            Ossuary (visited)
 Temple: D:4-7

Altars:
Dithmenos
Fedhas
Gozag
Hepliaklqana
Kikubaaqudgha
Uskayaw
Wu Jian

Shops:
D:2 [   D:4 *   D:5 !

Annotations:
D:5 exclusion: 3 gnoll sergeants, Dowan


Message History

The jelly is lightly wounded.
Dowan misses you. The jelly misses you. Dowan hits you but does no damage.
You shoot an arrow. The arrow hits the jelly!
The jelly is heavily wounded.
Dowan zaps a wand.
You easily resist.
The jelly closely misses you. Dowan hits you but does no damage.
You shoot an arrow. The arrow hits the jelly!!!
You kill the jelly!
Dowan zaps a wand.
You easily resist.
Dowan says, "How can I live without her?"
Dowan zaps a wand.
You turn into a bat.
Your +0 heavy orcbow melds into your body.
Your +2 cloak melds into your body.
Your +1 pair of boots melds into your body.
Your +0 ring mail melds into your body.
Your +4 ring of protection melds into your body.
Your +6 ring of dexterity melds into your body.
You feel clumsy.
You hit Dowan but do no damage. Dowan completely misses you.
You hit Dowan.
Dowan is lightly wounded.
Dowan barely misses you. Dowan closely misses you.
You hit Dowan.
Dowan is lightly wounded.
Dowan completely misses you.
You hit Dowan.
Dowan is moderately wounded.
Dowan completely misses you.
You hit Dowan.
Dowan is moderately wounded.
Dowan casts a spell at you. The shard of ice hits you!!
Ouch! That really hurt!
3976 ||| READING scroll of teleportation.
As you read the scroll of teleportation, it crumbles to dust.
You feel strangely unstable.
Dowan breathes, "And she was my only..."
Dowan hits you with a +0 dagger. x2
You die...

...#######....##..........##.#...
##.# ###.....#............#. #.#
##.............#...#.## #.
#..........##..##.#####
#.......##..#.###.##
.<....##..........#
#.............##..#
#.e............#....
#.)b........##......
.....#..#++#.....##..... #...
#.## ##..### .#... # #. #....
..... .. ...... ...# ... #...
.... .....


You could see Dowan (fast).

Vanquished Creatures
  Pikel (D:5)
  Duvessa (D:5)
  An ogre (D:4)
  A lemure (D:5)
  A phantom (D:4)
  2 gnoll sergeants (D:5)
  2 scorpions
  4 hounds (D:5)
  A jelly (D:5)
  A gnoll bouda (D:5)
  Jessica (D:3)
  3 orc wizards
  Ijyb (D:5)
  3 iguanas
  18 gnolls
  2 adders
  A white imp (D:4)
  An ufetubus (D:4)
  2 worms
  3 dart slugs
  10 orcs
  7 ball pythons
  3 bats
  A bat zombie (D:4)
  15 endoplasms
  5 giant cockroaches
  7 gnoll zombies (Ossuary)
  8 goblins
  4 hobgoblins
  9 jackals
  5 kobolds
  8 quokkas
  4 frilled lizards
  4 gnoll skeletons (Ossuary)
  3 goblin skeletons (Ossuary)
  5 goblin zombies (Ossuary)
  2 hobgoblin skeletons (Ossuary)
  A hobgoblin zombie (Ossuary)
  4 kobold skeletons (Ossuary)
  A kobold zombie (Ossuary)
  4 orc skeletons (Ossuary)
  3 orc zombies (Ossuary)
  3 rats
  2 rat skeletons (Ossuary)
  2 rat zombies (Ossuary)
  A spectral kobold (D:4)
171 creatures vanquished.

Notes
Turn   | Place    | Note
-------+----------+-------------------------------------------
     0 | D:1      | qw the Deep Elf Hunter began the quest for the Orb.
     0 | D:1      | Reached XP level 1. HP: 12/12 MP: 3/3
     0 | D:1      | 0 ||| qw: Version: 0.3-a-9-g12657ce
     0 | D:1      | 0 ||| qw: Game counter: 4205
     0 | D:1      | 0 ||| qw: Always use a shield: true
     0 | D:1      | 0 ||| qw: God list: Okawaru
     0 | D:1      | 0 ||| qw: Allow faded altars: false
     0 | D:1      | 0 ||| qw: Do Orc after D:15 true
     0 | D:1      | 0 ||| qw: Do second Lair branch before Depths: true
     0 | D:1      | 0 ||| qw: Lair rune preference: random
     0 | D:1      | 0 ||| qw: Plans: Normal
     0 | D:1      | 0 ||| PLANNING D:1-11
    66 | D:1      | Reached XP level 2. HP: 16/16 MP: 4/4
    72 | D:1      | Reached skill level 6 in Ranged Weapons
   446 | D:1      | 446 ||| UPGRADING to +1 cloak.
   451 | D:1      | 451 ||| UPGRADING to +0 ring mail.
   461 | D:1      | 461 ||| DROPPING +0 leather armour.
   462 | D:1      | 462 ||| READING 2 scrolls labelled UWULOFR AROAWIRO.
   463 | D:1      | 463 ||| READING scroll of enchant armour.
   463 | D:1      | 463 ||| ENCHANTING +1 cloak.
   464 | D:1      | 464 ||| READING 2 scrolls labelled DEQOV JALID.
   465 | D:1      | 465 ||| READING scroll labelled TEUBAPS QALAR.
   466 | D:1      | 466 ||| DROPPING scroll of butterflies.
   467 | D:1      | 467 ||| DROPPING scroll of fog.
   507 | D:2      | Reached XP level 3. HP: 20/20 MP: 5/5
   773 | D:2      | Reached skill level 7 in Ranged Weapons
   785 | D:2      | Found Orypt's Armour Shoppe.
   788 | D:2      | 788 ||| BUYING +0 pair of boots (58 gold).
   788 | D:2      | Bought a +0 pair of boots for 58 gold pieces
   788 | D:2      | 788 ||| SHOPLISTING +0 pair of gloves (58 gold, have 21).
  1229 | D:2      | 1229 ||| UPGRADING to +0 pair of boots.
  1234 | D:2      | 1234 ||| UPGRADING to amulet of guardian spirit.
  1239 | D:2      | 1239 ||| UPGRADING to +4 ring of protection.
  1240 | D:2      | 1240 ||| UPGRADING to +6 ring of dexterity.
  1241 | D:2      | 1241 ||| READING scroll labelled IPHIQI PYCVIT.
  1242 | D:2      | 1242 ||| READING scroll labelled OSATOE ESOCHIUNT.
  1307 | D:3      | Noticed Jessica
  1308 | D:3      | 1308 ||| Stepping ~*~*~tactically~*~*~ (water).
  1313 | D:3      | Killed Jessica
  1314 | D:3      | Reached XP level 4. HP: 25/25 MP: 6/6
  1326 | D:3      | 1326 ||| SWAPPING to +0 heavy orcbow.
  1327 | D:3      | 1327 ||| DROPPING +1 shortbow.
  1417 | D:3      | Reached skill level 8 in Ranged Weapons
  1486 | D:3      | Reached XP level 5. HP: 29/29 MP: 7/7
  1492 | D:3      | Found a hide-covered altar of Uskayaw.
  1575 | D:3      | Reached skill level 3 in Dodging
  1670 | D:3      | 1670 ||| DROPPING ring of magical power.
  1671 | D:3      | 1671 ||| READING scroll labelled UNNIXO SAGEAHI.
  1672 | D:3      | 1672 ||| DRINKING 2 smoky ruby potions.
  1673 | D:3      | 1673 ||| READING 3 scrolls of identify.
  1673 | D:3      | 1673 ||| IDENTIFYING sapphire potion
  1674 | D:3      | 1674 ||| READING 2 scrolls of identify.
  1674 | D:3      | 1674 ||| IDENTIFYING viscous emerald potion
  1675 | D:3      | 1675 ||| DROPPING potion of brilliance.
  1676 | D:3      | 1676 ||| DROPPING potion of ambrosia.
  1703 | D:4      | Found an ornate altar of the Wu Jian Council.
  1728 | D:4      | Noticed an ogre
  1735 | D:4      | Killed an ogre
  1736 | D:4      | Reached skill level 9 in Ranged Weapons
  1744 | D:4      | HP: 6/29 [poisoned by a scorpion]
  1745 | D:4      | Reached XP level 6. HP: 7/35 MP: 5/8
  1748 | D:4      | 1748 ||| FLEEEEING.
  1749 | D:4      | 1749 ||| FLEEEEING.
  1750 | D:4      | 1750 ||| FLEEEEING.
  1763 | D:4      | 1763 ||| FLEEEEING.
  1765 | D:4      | 1765 ||| FLEEEEING.
  1766 | D:4      | 1766 ||| FLEEEEING.
  1769 | D:4      | 1769 ||| FLEEEEING.
  1771 | D:4      | 1771 ||| STAIRDANCE
  1886 | D:4      | Found a shadowy altar of Dithmenos.
  1954 | D:4      | Reached skill level 1 in Armour
  2006 | D:4      | Found a blossoming altar of Fedhas.
  2015 | D:4      | 2015 ||| READING scroll of enchant armour.
  2015 | D:4      | 2015 ||| ENCHANTING +0 pair of boots.
  2033 | D:4      | Reached skill level 10 in Ranged Weapons
  2257 | D:4      | Found a hazy altar of Hepliaklqana.
  2270 | D:4      | Found Gozag's Platinum Reserve.
  2273 | D:4      | Found an opulent altar of Gozag.
  2303 | D:4      | 2303 ||| SHOPLISTING +1 cloak of the Sun {SInv} (2070 gold,
                  | have 134).
  2303 | D:4      | 2303 ||| SHOPLISTING ring "Illotuk" {rElec rF+ rC- Str+3}
                  | (3830 gold, have 134).
  2303 | D:4      | 2303 ||| SHOPLISTING ring "Rodushaz" {rC+ Int+2 Dex+3 SInv}
                  | (3950 gold, have 134).
  2361 | D:4      | Found an ancient bone altar of Kikubaaqudgha.
  2413 | D:4      | 2413 ||| UPGRADING to amulet of faith.
  2423 | D:4      | 2423 ||| DROPPING amulet of guardian spirit.
  2424 | D:4      | 2424 ||| DROPPING ring of wizardry.
  2425 | D:4      | 2425 ||| READING 2 scrolls of identify.
  2425 | D:4      | 2425 ||| IDENTIFYING pink potion
  2435 | D:5      | Entered Level 5 of the Dungeon
  2435 | D:5      | Noticed Ijyb
  2436 | D:5      | 2436 ||| PLANNING OSSUARY
  2441 | D:5      | Killed Ijyb
  2444 | D:5      | Found a sand-covered staircase.
  2449 | D:5      | Reached XP level 7. HP: 40/40 MP: 9/9
  2462 | D:5      | 2462 ||| FLEEEEING.
  2463 | D:5      | 2463 ||| FLEEEEING.
  2464 | D:5      | 2464 ||| FLEEEEING.
  2465 | D:5      | 2465 ||| STAIRDANCE
  2492 | D:5      | 2492 ||| STAIRDANCE
  2496 | D:5      | 2496 ||| STAIRDANCE
  2513 | D:5      | Noticed Pikel
  2516 | D:5      | Killed Pikel
  2517 | D:5      | Reached skill level 12 in Ranged Weapons
  2517 | D:5      | Reached XP level 8. HP: 44/44 MP: 10/10
  2521 | Ossuary  | Entered an ossuary
  2616 | Ossuary  | 2616 ||| FLEEEEING.
  2617 | Ossuary  | 2617 ||| FLEEEEING.
  2618 | Ossuary  | 2618 ||| FLEEEEING.
  2619 | Ossuary  | 2619 ||| FLEEEEING.
  2620 | Ossuary  | 2620 ||| FLEEEEING.
  2621 | Ossuary  | 2621 ||| FLEEEEING.
  2622 | Ossuary  | 2622 ||| FLEEEEING.
  2623 | Ossuary  | 2623 ||| FLEEEEING.
  2624 | Ossuary  | 2624 ||| FLEEEEING.
  2625 | Ossuary  | 2625 ||| FLEEEEING.
  2626 | Ossuary  | 2626 ||| FLEEEEING.
  2627 | Ossuary  | 2627 ||| FLEEEEING.
  2628 | Ossuary  | 2628 ||| FLEEEEING.
  2629 | Ossuary  | 2629 ||| FLEEEEING.
  2630 | Ossuary  | 2630 ||| FLEEEEING.
  2635 | Ossuary  | 2635 ||| FLEEEEING.
  2636 | Ossuary  | 2636 ||| FLEEEEING.
  2637 | Ossuary  | 2637 ||| FLEEEEING.
  2638 | Ossuary  | 2638 ||| FLEEEEING.
  2639 | Ossuary  | 2639 ||| FLEEEEING.
  2640 | Ossuary  | 2640 ||| FLEEEEING.
  2641 | Ossuary  | 2641 ||| FLEEEEING.
  2727 | Ossuary  | 2727 ||| FLEEEEING.
  2728 | Ossuary  | 2728 ||| FLEEEEING.
  2729 | Ossuary  | 2729 ||| FLEEEEING.
  2730 | Ossuary  | 2730 ||| FLEEEEING.
  2731 | Ossuary  | 2731 ||| FLEEEEING.
  2732 | Ossuary  | 2732 ||| FLEEEEING.
  2733 | Ossuary  | 2733 ||| FLEEEEING.
  2734 | Ossuary  | 2734 ||| FLEEEEING.
  2747 | Ossuary  | 2747 ||| FLEEEEING.
  2748 | Ossuary  | 2748 ||| FLEEEEING.
  2749 | Ossuary  | 2749 ||| FLEEEEING.
  2762 | Ossuary  | 2762 ||| FLEEEEING.
  2763 | Ossuary  | 2763 ||| FLEEEEING.
  2843 | Ossuary  | 2843 ||| FLEEEEING.
  2844 | Ossuary  | 2844 ||| FLEEEEING.
  2863 | Ossuary  | 2863 ||| FLEEEEING.
  2864 | Ossuary  | 2864 ||| FLEEEEING.
  2865 | Ossuary  | 2865 ||| FLEEEEING.
  2866 | Ossuary  | 2866 ||| FLEEEEING.
  2867 | Ossuary  | 2867 ||| FLEEEEING.
  2868 | Ossuary  | 2868 ||| FLEEEEING.
  2869 | Ossuary  | 2869 ||| FLEEEEING.
  2870 | Ossuary  | 2870 ||| FLEEEEING.
  2871 | Ossuary  | 2871 ||| FLEEEEING.
  2872 | Ossuary  | 2872 ||| FLEEEEING.
  2873 | Ossuary  | 2873 ||| FLEEEEING.
  2874 | Ossuary  | 2874 ||| FLEEEEING.
  2875 | Ossuary  | 2875 ||| FLEEEEING.
  2876 | Ossuary  | 2876 ||| FLEEEEING.
  2877 | Ossuary  | 2877 ||| FLEEEEING.
  2878 | Ossuary  | 2878 ||| FLEEEEING.
  2879 | Ossuary  | 2879 ||| FLEEEEING.
  2880 | Ossuary  | 2880 ||| FLEEEEING.
  2881 | Ossuary  | 2881 ||| FLEEEEING.
  2882 | Ossuary  | 2882 ||| FLEEEEING.
  2883 | Ossuary  | 2883 ||| FLEEEEING.
  2884 | Ossuary  | 2884 ||| FLEEEEING.
  2885 | Ossuary  | 2885 ||| FLEEEEING.
  2886 | Ossuary  | 2886 ||| FLEEEEING.
  2887 | Ossuary  | 2887 ||| FLEEEEING.
  2888 | Ossuary  | 2888 ||| FLEEEEING.
  2889 | Ossuary  | 2889 ||| FLEEEEING.
  2902 | Ossuary  | 2902 ||| FLEEEEING.
  2903 | Ossuary  | 2903 ||| FLEEEEING.
  2990 | Ossuary  | 2990 ||| FLEEEEING.
  2993 | Ossuary  | 2993 ||| FLEEEEING.
  2994 | Ossuary  | 2994 ||| FLEEEEING.
  2995 | Ossuary  | 2995 ||| FLEEEEING.
  2996 | Ossuary  | 2996 ||| FLEEEEING.
  2997 | Ossuary  | 2997 ||| FLEEEEING.
  2998 | Ossuary  | 2998 ||| FLEEEEING.
  2999 | Ossuary  | 2999 ||| FLEEEEING.
  3000 | Ossuary  | 3000 ||| FLEEEEING.
  3001 | Ossuary  | 3001 ||| FLEEEEING.
  3002 | Ossuary  | 3002 ||| FLEEEEING.
  3003 | Ossuary  | 3003 ||| FLEEEEING.
  3004 | Ossuary  | 3004 ||| FLEEEEING.
  3005 | Ossuary  | 3005 ||| FLEEEEING.
  3006 | Ossuary  | 3006 ||| FLEEEEING.
  3007 | Ossuary  | 3007 ||| FLEEEEING.
  3019 | Ossuary  | 3019 ||| FLEEEEING.
  3020 | Ossuary  | 3020 ||| FLEEEEING.
  3021 | Ossuary  | 3021 ||| FLEEEEING.
  3223 | D:5      | 3223 ||| PLANNING D:1-11
  3250 | D:5      | Found Oliet's Distillery.
  3255 | D:5      | 3255 ||| BUYING potion of cancellation (104 gold).
  3255 | D:5      | Bought a potion of cancellation for 104 gold pieces
  3255 | D:5      | 3255 ||| BUYING potion of curing (39 gold).
  3255 | D:5      | Bought a potion of curing for 39 gold pieces
  3255 | D:5      | 3255 ||| SHOPLISTING potion of enlightenment (65 gold, have
                  | 26).
  3255 | D:5      | 3255 ||| SHOPLISTING potion of haste (130 gold, have 26).
  3255 | D:5      | 3255 ||| SHOPLISTING potion of heal wounds (65 gold, have
                  | 26).
  3255 | D:5      | 3255 ||| SHOPLISTING potion of mutation (104 gold, have
                  | 26).
  3311 | D:5      | 3311 ||| DRINKING potion of curing.
  3311 | D:5      | 3311 ||| (to cure confusion)
  3315 | D:5      | Reached skill level 3 in Fighting
  3393 | D:5      | 3393 ||| Stepping ~*~*~tactically~*~*~ (outnumbered).
  3398 | D:5      | 3398 ||| READING 2 scrolls of identify.
  3398 | D:5      | 3398 ||| IDENTIFYING fizzy yellow potion
  3399 | D:5      | HP: 7/46 [poisoned by a gnoll sergeant]
  3400 | D:5      | 3400 ||| READING 2 scrolls of teleportation.
  3400 | D:5      | HP: 3/46 [poisoned by a gnoll sergeant]
  3401 | D:5      | 3401 ||| DRINKING potion of heal wounds.
  3407 | D:5      | HP: 11/46 [poisoned by a gnoll sergeant]
  3573 | D:5      | 3573 ||| Stepping ~*~*~tactically~*~*~ (outnumbered).
  3578 | D:5      | 3578 ||| Stepping ~*~*~tactically~*~*~ (outnumbered).
  3616 | D:5      | Reached skill level 13 in Ranged Weapons
  3954 | D:5      | Noticed Dowan
  3956 | D:5      | 3956 ||| DRINKING 2 potions of cancellation.
  3957 | D:5      | Noticed Duvessa
  3964 | D:5      | 3964 ||| DRINKING potion of cancellation.
  3966 | D:5      | Killed Duvessa
  3975 | D:5      | HP: 8/46 [Dowan/shard of ice (26)]
  3976 | D:5      | 3976 ||| READING scroll of teleportation.
  3976 | D:5      | HP: 3/46 [Dowan/+0 dagger (5)]
  3976 | D:5      | Slain by Dowan

Levels and vault maps discovered:
D:1:      ebering_trefoil_twist, layout_rooms, minmay_tromino_v2
D:2:      layout_loops_ring, serial_shops, nicolae_shop_tiny_real_fake_doors,
          minmay_parallelograms
D:3:      wander_river, layout_rooms, mainiacjoe_overflow_cross_hatched,
          uniq_jessica
D:4:      layout_basic, nicolae_dithmenos_the_darkroom,
          mainiacjoe_overflow_tiny_flanked, lemuel_zombie_altar_kikubaaqudgha,
          nicolae_gozag_zags_fifth_avenue, old_standard_altar,
          nicolae_hepliaklqana_monster_ancestors
D:5:      layout_cave_pools, serial_gnoll_camp, gnoll_camp_huts_moat,
          gnoll_camp_mini_hut, gnoll_camp_mini_hut, gnoll_camp_mini_hut,
          gnoll_camp_mini_shop, gnoll_camp_mini_hut,
          nicolae_ossuary_entry_ruins, uniq_ijyb, uniq_duvessa, uniq_pikel

Skill      XL: |  1  2  3  4  5  6  7  8 |
---------------+-------------------------+-----
Ranged Weapons | 6 7 8 9 10 12 13 | 13.8
Dodging        | 3 4 5 |  5.0
Fighting       | 2 3 |  3.0
Armour         | 1 |  1.0
Stealth        | |  1.2

Action                     |  1- 3 |  4- 6 |  7- 9 || total
---------------------------+-------+-------+-------++-------
  Melee: Unarmed           |       |       |     5 ||     5
   Fire: Shortbow          |    73 |       |       ||    73
         Orcbow            |       |   118 |   187 ||   305
    Use: Scroll            |     6 |     5 |     3 ||    14
         Potion            |       |     1 |     4 ||     5
 Armour: Leather armour    |     2 |       |       ||     2
         Ring mail         |       |    20 |    28 ||    48
  Dodge: Dodged            |     1 |    36 |    52 ||    89

Table legend:
 A = Non-vault XP
 B = Vault XP
 C = Vault XP percentage of total XP
 D = Non-vault monster count
 E = Vault monster count
 F = Vault count percentage of total count
                 A         B        C        D         E       F
            +---------+---------+-------+---------+---------+-------
      Total |     910 |    1533 |  62.8 |      97 |      73 |  42.9
            +---------+---------+-------+---------+---------+-------
        D:1 |      39 |       1 |   2.5 |      21 |       1 |   4.5
        D:2 |      43 |       0 |   0.0 |      18 |       0 |   0.0
        D:3 |      88 |      37 |  29.6 |      24 |       1 |   4.0
        D:4 |     446 |      18 |   3.9 |      25 |       4 |  13.8
        D:5 |     294 |    1433 |  83.0 |       9 |      29 |  76.3
    Ossuary |       0 |      44 | 100.0 |       0 |      38 | 100.0
            +---------+---------+-------+---------+---------+-------
